 Dungeon Crawl Stone Soup version 0.27.0-1-g7a089689b8 (webtiles) character file.

Game seed: 27151904096832184

103 jt the Chopper (level 4, 0/39 HPs)
             Began as a Hill Orc Monk on Aug 17, 2021.
             Slain by an orc priest (9 damage)
             ... on level 4 of the Dungeon.
             The game lasted 00:07:05 (2874 turns).

jt the Chopper (Hill Orc Monk)                      Turns: 2874, Time: 00:07:06

Health: 0/39       AC:  3    Str: 14    XL:     4   Next: 79%
Magic:  4/4        EV: 12    Int: 10    God:
Gold:   117        SH:  0    Dex: 13    Spells: 3/3 levels left

rFire    + . .     SeeInvis .   a - +0 war axe
rCold    + . .     Faith    .   (no shield)
rNeg     . . .     Spirit   .   d - +0 leather armour
rPois    +         Reflect  .   (no helmet)
rElec    +         Harm     .   (no cloak)
rCorr    +         Rampage  .   (no gloves)
Will     .....                  (no boots)
Stlth    +.........             (no amulet)
HPRegen  0.13/turn              (no ring)
MPRegen  0.09/turn              (no ring)

@: silenced, resistant
A: no striking features
a: no special abilities


You were on level 4 of the Dungeon.
You visited 1 branch of the dungeon, and saw 4 of its levels.

You collected 117 gold pieces.

Inventory:

Hand Weapons
 a - a +0 war axe (weapon)
 f - a +0 spear
 l - a +0 falchion
 t - a +0 hand axe
Missiles
 c - 18 bolts
 g - 56 arrows
 h - 80 stones (quivered)
 p - 17 sling bullets
Armour
 d - a +0 leather armour (worn)
Wands
 u - a wand of digging (6)
 v - a wand of flame (15)
Scrolls
 e - 2 scrolls of noise
 m - a scroll of fog {unknown}
 n - a scroll of teleportation {unknown}
 q - a scroll of torment {unknown}
 r - a scroll of enchant armour {unknown}
Potions
 i - a potion of brilliance {unknown}
 o - a potion of degeneration {unknown}
 s - a potion of cancellation


   Skills:
 - Level 3.6 Fighting
 + Level 7.1 Axes
 - Level 2.4 Dodging
 - Level 1.5 Stealth


You had 3 spell levels left.
You didn't know any spells.
Your spell library was empty.

Dungeon Overview and Level Annotations

Branches:
Dungeon (4/15)
 Temple: D:4-7

Altars:
Beogh

Shops:
D:2 [

Annotations:
D:2 exclusion: goblin
D:3 3 runed translucent doors, AmberJosephineLiu's ghost, amateur MiGl


Message History

Found a dagger.
The orc wizard gestures wildly while chanting.
The orc wizard flickers and vanishes!
Cornered, the orc priest turns to fight!
Your leather armour prevents you from hitting the orc priest.
The orc priest completely misses you.
You hit the orc priest.
The orc priest is moderately wounded.
The orc priest hits you but does no damage.
You hit the orc priest but do no damage.
The orc priest is moderately wounded.
You closely miss the orc wizard. You hit the endoplasm.
Your attack snaps the endoplasm out of its fear.
The orc wizard hits you with a +0 whip.
The orc priest hits you with a +0 war axe.
The endoplasm hits you but does no damage.
You slash the endoplasm!
You kill the endoplasm!
You hit the orc priest. You hit the orc wizard.
The orc wizard hits you with a +0 whip. The orc priest closely misses you.
You hit the orc priest.
The orc priest is severely wounded.
You barely miss the orc wizard. You miss something. Something hits you.
The orc wizard hits you with a +0 whip.
The orc priest hits you with a +0 war axe.
Something hits you.
You are too injured to fight recklessly!
You are too injured to fight recklessly!
You hit the orc priest.
The orc priest is almost dead.
You closely miss the orc wizard. You barely miss something.
The orc wizard hits you with a +0 whip.
The orc priest hits you with a +0 war axe.
* * * LOW HITPOINT WARNING * * *
Something completely misses you.
It was a potion of resistance.
You feel protected.
The orc wizard hits you but does no damage.
The orc priest hits you with a +0 war axe!
You die...

...#... #..>..
.......##......
#..............
#.............
##.........#
#....<.##
###.##...###
##..##......##
#....{@o....o#
###.##o#.......
# #{#.....##
.......##
#?###### #)#
###


You could see an orc priest, an orc wizard and an orc.

Vanquished Creatures
  3 adders
  A worm (D:3)
  A dart slug (D:2)
  5 bats
  9 endoplasms
  2 giant cockroaches (D:1)
  4 goblins
  9 hobgoblins
  2 jackals (D:3)
  6 kobolds
  6 quokkas
  6 ball pythons
  3 frilled lizards
  3 rats
60 creatures vanquished.

Notes
Turn   | Place    | Note
-------+----------+-------------------------------------------
     0 | D:1      | jt the Hill Orc Monk began the quest for the Orb.
     0 | D:1      | Reached XP level 1. HP: 19/19 MP: 1/1
   142 | D:1      | Reached XP level 2. HP: 18/26 MP: 2/2
   398 | D:1      | Reached skill level 5 in Axes
   753 | D:1      | Reached XP level 3. HP: 18/31 MP: 3/3
  1330 | D:2      | Reached skill level 6 in Axes
  1624 | D:2      | Found a faded altar of an unknown god.
  1729 | D:2      | Reached XP level 4. HP: 35/39 MP: 4/4
  1927 | D:2      | Found Cest's Antique Armour Emporium.
  2520 | D:3      | Reached skill level 7 in Axes
  2621 | D:3      | Found a runed translucent gate.
  2622 | D:3      | Found a runed translucent gate.
  2622 | D:3      | Noticed AmberJosephineLiu's ghost (amateur MiGl)
  2623 | D:3      | Found a runed translucent gate.
  2623 | D:3      | Found a roughly hewn altar of Beogh.
  2624 | D:3      | Identified the +10 hand axe of Extremism {drain, Fly rElec
                  | rF+ Dex-4}
  2861 | D:4      | Noticed a scorpion
  2874 | D:4      | Slain by an orc priest

Illustrated notes

Levels and vault maps discovered:
D:1:      matt_arrival_los_fun, layout_basic, minmay_tetromino_o4
D:2:      layout_loops_ring, serial_glass, glass_columns_c, glass_columns_b,
          item_on_display_a, ebering_ecumenical_altar_petrified, serial_shops,
          nicolae_lakefront_shop
D:3:      layout_rooms, biasface_ghost_orc_armoury
D:4:      minmay_evil_eye, layout_cave_pools,
          mainiacjoe_overflow_six_doors_small, serial_rivers,
          chequers_serial_rivers_room_b, chequers_serial_rivers_small_b,
          chequers_serial_rivers_large_b, chequers_serial_rivers_room_a,
          chequers_serial_rivers_small_b, chequers_serial_rivers_small_a

Skill      XL: |  1  2  3  4 |
---------------+-------------+-----
Axes           | 5 6 7 |  7.1
Fighting       | |  3.6
Dodging        | |  2.4
Stealth        | |  1.5

Action                   |  1- 3 |  4- 6 || total
-------------------------+-------+-------++-------
Melee: Hand axe          |   134 |    51 ||   185
       War axe           |       |    39 ||    39
Throw: Stone             |       |     6 ||     6
  Use: Potion            |     2 |     1 ||     3
       Scroll            |       |     3 ||     3
 Stab: Sleeping          |     2 |     1 ||     3
Armor: Leather armour    |    27 |    22 ||    49
       Robe              |     1 |       ||     1
Dodge: Dodged            |    76 |    56 ||   132
